General information
- name: BNet
- type: Ladder team game (AT/RT)
- host: Battle.net
- saver: GayTiMe.WeRRa
map: CentaurGrove
- players: 4
- length: 14:26
- speed: Fast
- version: 1.24 W3XP
- replay type: Public
» download(112 KB)
Players
team 1 (winner)
Nether- (
orange | 150 APM | 2167 actions | 14:26)
6 Archmage
2 Summon Water Elemental
3 Brilliance Aura
1 Blizzard
2 Mountain King
1 Storm Bolt
1 Thunder Clap
» actions
| Assign group hotkey | 89 | |
| Basic commands | 112 | |
| Build / train | 53 | |
| Enter build submenu | 16 | |
| Enter hero's abilities submenu | 7 | |
| Give item / drop item | 3 | |
| Remove unit from queue | 2 | |
| Right click | 944 | |
| Select / deselect | 239 | |
| Select group hotkey | 593 | |
| Use ability | 109 | |
2167 total
» units
| Peasant | 11 | |
| Footman | 7 | |
| Sorceress | 1 | |
| Spell Breaker | 4 | |
| Priest | 1 | |
24 total
» upgrades
» buildings
| Altar of Kings | 1 | |
| Barracks | 1 | |
| Farm | 8 | |
| Scout Tower | 1 | |
| Arcane Tower | 1 | |
| Keep | 1 | |
| Arcane Vault | 1 | |
| Arcane Sanctum | 2 | |
| Town Hall | 1 | |
| Castle | 1 | |
| Blacksmith | 1 | |
19 total
» build order
00:03 Altar of Kings
00:19 Barracks
00:34 Farm
01:03 Farm
01:45 Scout Tower
01:58 Farm
02:15 Arcane Tower
03:09 Keep
03:25 Farm
03:43 Arcane Vault
05:06 Farm
05:41 Arcane Sanctum
05:42 Arcane Sanctum
05:44 Farm
09:22 Town Hall
09:52 Farm
09:53 Farm
12:24 Castle
12:25 Blacksmith
» items
| Scroll of Regeneration | 1 | |
| Potion of Healing | 1 | |
| Scroll of Healing | 1 | |
| Tome of Retraining | 1 | |
| Boots of Speed | 1 | |
| Potion of Lesser Invulnerability | 1 | |
6 total
Rebuke[SkyNet]2 (
green | 146 APM | 2113 actions | 14:26)
5 Blademaster
2 Wind Walk
3 Critical Strike
3 Shadow Hunter
1 Hex
2 Healing Wave
» actions
| Assign group hotkey | 41 | |
| Basic commands | 50 | |
| Build / train | 73 | |
| Enter build submenu | 11 | |
| Enter hero's abilities submenu | 8 | |
| Give item / drop item | 3 | |
| Right click | 987 | |
| Select / deselect | 290 | |
| Select group hotkey | 519 | |
| Use ability | 131 | |
2113 total
» units
| Peon | 12 | |
| Grunt | 8 | |
| Spirit Walker | 2 | |
| Raider | 4 | |
| Kodo Beast | 1 | |
27 total
» upgrades
| Berserker Strength | 1 | |
| Ensnare | 1 | |
| Armor | 2 | |
| Spirit Walker Training | 1 | |
| Pillage | 1 | |
6 total
» buildings
| Altar of Storms | 1 | |
| Orc Burrow | 5 | |
| Barracks | 1 | |
| Stronghold | 3 | |
| Voodoo Lounge | 1 | |
| Spirit Lodge | 1 | |
| Beastiary | 1 | |
| War Mill | 1 | |
14 total
» build order
00:05 Altar of Storms
00:16 Orc Burrow
00:36 Barracks
01:25 Orc Burrow
02:36 Stronghold
02:36 Stronghold
02:37 Stronghold
02:52 Voodoo Lounge
04:19 Orc Burrow
05:09 Spirit Lodge
05:31 Beastiary
07:15 Orc Burrow
08:24 War Mill
13:24 Orc Burrow
» items
| Boots of Speed | 1 | |
| Dust of Appearance | 1 | |
| Healing Salve | 4 | |
| Scroll of Speed | 3 | |
| Lesser Clarity Potion | 3 | |
| Scroll of Healing | 2 | |
| Scroll of Town Portal | 1 | |
| Scroll of Protection | 1 | |
| Potion of Mana | 1 | |
17 total
team 2 (loser)
CoLeGePaRtYeR17 (
yellow | 125 APM | 1804 actions | 14:26)
3 Archmage
2 Summon Water Elemental
1 Brilliance Aura
1 Mountain King
1 Storm Bolt
» actions
| Assign group hotkey | 34 | |
| Basic commands | 63 | |
| Build / train | 49 | |
| ESC pressed | 1 | |
| Enter build submenu | 16 | |
| Enter hero's abilities submenu | 4 | |
| Right click | 981 | |
| Select / deselect | 378 | |
| Select group hotkey | 204 | |
| Use ability | 74 | |
1804 total
» units
| Peasant | 8 | |
| Footman | 10 | |
| Sorceress | 3 | |
| Spell Breaker | 8 | |
| Priest | 1 | |
30 total
» upgrades
| Masonry | 2 | |
| Sorceress Training | 1 | |
3 total
» buildings
| Altar of Kings | 1 | |
| Barracks | 1 | |
| Farm | 7 | |
| Scout Tower | 1 | |
| Arcane Tower | 1 | |
| Keep | 2 | |
| Arcane Vault | 2 | |
| Lumber Mill | 1 | |
| Arcane Sanctum | 2 | |
18 total
» build order
00:04 Altar of Kings
00:09 Barracks
00:33 Farm
00:48 Farm
01:38 Scout Tower
01:54 Farm
02:08 Arcane Tower
03:37 Farm
04:00 Keep
04:20 Arcane Vault
04:24 Lumber Mill
06:37 Farm
06:40 Arcane Sanctum
06:41 Arcane Sanctum
07:12 Arcane Vault
09:45 Farm
11:57 Farm
» items
| Healing Salve | 1 | |
| Scroll of Town Portal | 1 | |
| Scroll of Regeneration | 1 | |
3 total
GayTiMe.WeRRa (
pink | 126 APM | 1820 actions | 14:26)
4 Tauren Chieftain
2 War Stomp
2 Endurance Aura
1 Shadow Hunter
1 Hex
» actions
| Assign group hotkey | 25 | |
| Basic commands | 115 | |
| Build / train | 53 | |
| Enter build submenu | 8 | |
| Enter hero's abilities submenu | 5 | |
| Right click | 877 | |
| Select / deselect | 411 | |
| Select group hotkey | 269 | |
| Use ability | 57 | |
1820 total
» units
| Peon | 6 | |
| Troll Headhunter/Berserker | 22 | |
28 total
» upgrades
| Ranged Weapons | 2 | |
| Armor | 2 | |
| Berserker Upgrade | 1 | |
5 total
» buildings
| Altar of Storms | 1 | |
| Orc Burrow | 4 | |
| War Mill | 1 | |
| Barracks | 1 | |
| Voodoo Lounge | 1 | |
| Stronghold | 1 | |
| Fortress | 1 | |
10 total
» build order
00:03 Altar of Storms
00:08 Orc Burrow
00:29 War Mill
01:11 Barracks
01:52 Orc Burrow
02:19 Voodoo Lounge
04:19 Stronghold
04:36 Orc Burrow
05:39 Orc Burrow
07:06 Fortress
» items
| Healing Salve | 3 | |
| Lesser Clarity Potion | 4 | |
| Scroll of Town Portal | 3 | |
| Potion of Mana | 1 | |
11 total
Chat log
(08:50 / All) Rebuke[SkyNet]2: lol
(09:10 / All) GayTiMe.WeRRa: Didnt know people sitll tried this hard
(09:32 / All) Nether-: ur mistaking skill with us trying too hard lol
(09:37 / All) GayTiMe.WeRRa: not really
(09:42 / All) GayTiMe.WeRRa: ur not that good outside of solo
(09:46 / All) GayTiMe.WeRRa: and 2's
(09:52 / All) Rebuke[SkyNet]2: outside?
(09:59 / All) Rebuke[SkyNet]2: what else is there
(11:34 / All) GayTiMe.WeRRa: I make the worst unit in the game
(11:35 / All) GayTiMe.WeRRa: u cookie cut
(11:38 / All) GayTiMe.WeRRa: and barely scrape by
(11:42 / All) Nether-: worst unit in the game lol
(11:50 / All) Nether-: worst unit in the game is probably banshees not t3 hh with tc
(12:07 / All) Rebuke[SkyNet]2: only god knows what the fuck ur trying to prove lmao
(12:09 / All) GayTiMe.WeRRa: you know that because u watch replays 24/7
(12:15 / All) Nether-: oh do i lol
(12:23 / All) GayTiMe.WeRRa: dont play the "oh i dont"
(12:28 / All) GayTiMe.WeRRa: or "oh i do but im going to joke about it" game
(12:45 / All) Rebuke[SkyNet]2: hope u realize ur taking this wayy to serios
(14:15 / All) Rebuke[SkyNet]2: anyways gg